 Dungeon Crawl Stone Soup version 0.21-a0-621-gc60411f (webtiles) character file.

645 Lanoc the Chopper (level 7, -2/63 (64) HPs)
             Began as a Deep Dwarf Chaos Knight on Dec 23, 2017.
             Slain by an ogre
             ... wielding a +0 giant spiked club
              (9 damage)
             ... on level 4 of the Dungeon.
             The game lasted 00:13:54 (2454 turns).

Lanoc the Chopper (Deep Dwarf Chaos Knight)         Turns: 2454, Time: 00:13:55

HP:   -2/63 (64)    AC: 26    Str: 16 (17) XL:     7   Next: 27%
MP:   7/7           EV:  0    Int: 10 (12) God:    Xom [*.....]
Gold: 247           SH:  8    Dex: 13      Spells: 6/6 levels left

rFire    . . .     SeeInvis .   a - +0 hand axe (chaos)
rCold    . . .     Gourm    .   q - +0 shield
rNeg     . . .     Faith    +   i - +0 crystal plate armour
rPois    .         Spirit   .   o - +2 helmet
rElec    .         Reflect  .   (no cloak)
rCorr    .         Harm     .   f - +1 pair of gloves
MR       +....                  e - +2 pair of boots of the Pleiades {Stlth+}
Stlth    ..........             p - amulet of faith
HPRegen  0.00/turn              t - ring of wizardry
MPRegen  0.10/turn              (no ring)

@: non-regenerating
A: damage resistance, heal wounds, sense surroundings 1, shaggy fur 1, wild
magic 1, evolution 1, no regeneration
a: Heal Wounds, Renounce Religion


You were on level 4 of the Dungeon.
You worshipped Xom.
You were a special plaything of Xom.
You were not hungry.

You visited 1 branch of the dungeon, and saw 4 of its levels.

You collected 247 gold pieces.

Inventory:

Hand Weapons
 a - a +0 hand axe of chaos (weapon)
 m - a cursed -3 war axe
Armour
 b - a +2 leather armour
 e - the +2 pair of boots of the Pleiades (worn) {Stlth+}
   (You found it on level 4 of the Dungeon)

   It makes you more stealthy.
 f - a +1 pair of gloves (worn)
 i - a +0 crystal plate armour (worn)
 o - a +2 helmet (worn)
 q - a +0 shield (worn)
Jewellery
 p - an amulet of faith (around neck)
 s - an uncursed amulet of the gourmand
 t - a ring of wizardry (left hand)
Scrolls
 g - a scroll of enchant armour {unknown}
 h - 2 scrolls of teleportation
 n - 2 scrolls of remove curse
 r - a scroll of amnesia
Potions
 d - a potion of brilliance
 j - a potion of mutation
 l - a potion of invisibility
Comestibles
 c - 5 rations
 k - 3 chunks of flesh


   Skills:
 + Level 4.3 Fighting
 + Level 5.2 Axes
 + Level 4.5 Armour
 + Level 4.0 Dodging
 + Level 2.6 Shields


You had 6 spell levels left.
You didn't know any spells.

Dungeon Overview and Level Annotations

Branches:
Dungeon (4/15)             Temple (0/1) D:4

Altars:
Fedhas
Okawaru


Innate Abilities, Weirdness & Mutations

You are resistant to damage.
You can heal yourself by infusing magical energy.
You passively map a small area around you.
You do not regenerate.
You are covered in fur. (AC +1)
Your spells are a little harder to cast, but a little more powerful.
You evolve.


Message History

The adder is heavily wounded.
The helpless adder fails to defend itself.
You hit the adder.
The adder appears momentarily distorted.
The adder is almost dead.
The helpless adder fails to defend itself.
You slash the adder! You burn the adder.
You kill the adder!
Found 22 stones.
You see here an adder corpse.
You butcher the adder corpse.
k - 3 chunks of flesh (gained 1)
You are no longer poisoned.
An ogre comes into view. It is wielding a giant spiked club.
The ogre shouts!
You hit the ogre. Lightning courses through the ogre!
The ogre is moderately wounded.
The ogre hits you with a giant spiked club!
You die...
Xom bursts into laughter!

#. ##### #. #...######### ##.
#.#.........# ###****** ####..
#...#######.# #..,,,,,* #.....
##.## #.# #.#****,****#.##.. ...#
#.# #.#*,,,,,,,....... #### #.#
#O#*,**,**###.##.. # #.#
#@##$##.# #,*#.. #.####.......#
*,*#.. #.....###.#### *,.... #
#####..⌠..# *,# **###' ##
#.........##*,* **,, .##
#.###⌠.>.⌠.#*,**** **,,, ..##
#..#.......#*,**,** **,,,,
...####......⌠...##.#.,,****,,,,,
...'.................<.,,,,+,,,,,


You could see an ogre.

Vanquished Creatures
  A bullfrog (D:3)
  A killer bee (shapeshifter) (D:4)
  2 howler monkeys (D:4)
  An orc priest (D:3)
  3 orc wizards (D:4)
  3 iguanas (D:4)
  2 worker ants
  5 adders
  3 oozes
  A worm (D:4)
  4 leopard geckos
  7 orcs
  3 ball pythons
  6 bats
  6 giant cockroaches
  10 goblins
  8 hobgoblins
  11 jackals
  4 kobolds
  2 quokkas (D:4)
  4 frilled lizards
  A leopard gecko skeleton (D:4)
  6 rats
94 creatures vanquished.

Vanquished Creatures (collateral kills)
  An ogre (D:4)
1 creature vanquished.

Vanquished Creatures (others)
  A crimson imp (D:3)
1 creature vanquished.

Grand Total: 96 creatures vanquished

Notes
Turn   | Place    | Note
-------+----------+-------------------------------------------
     0 | D:1      | Lanoc the Deep Dwarf Chaos Knight began the quest for the Orb.
     0 | D:1      | Reached XP level 1. HP: 20/20 MP: 1/1
   131 | D:1      | Reached XP level 2. HP: 25/27 MP: 2/2
   470 | D:2      | XOM: divination: detect creatures
   478 | D:2      | Reached XP level 3. HP: 28/34 MP: 3/3
  1023 | D:2      | Reached XP level 4. HP: 39/42 MP: 4/4
  1103 | D:3      | Reached skill level 4 in Axes
  1119 | D:3      | XOM: noise
  1235 | D:3      | Reached XP level 5. HP: 30/49 MP: 5/5
  1249 | D:3      | XOM: harmless Summ miscast
  1277 | D:3      | XOM: harmless Necr miscast
  1397 | D:3      | Found an iron altar of Okawaru.
  1512 | D:3      | Found an iron altar of Okawaru.
  1521 | D:3      | Found a blossoming altar of Fedhas.
  1635 | D:3      | Reached skill level 1 in Shields
  1635 | D:3      | Reached XP level 6. HP: 7/57 MP: 6/6
  1662 | D:3      | Found a faded altar of an unknown god.
  1852 | D:4      | XOM: mild Conj miscast
  1856 | D:4      | Found a staircase to the Ecumenical Temple.
  1881 | D:4      | Got a pair of fine boots
  1887 | D:4      | Identified the +2 pair of boots of the Pleiades {Stlth+} (You found it on level 4 of the Dungeon)
  1917 | D:4      | Got a tattered robe
  1928 | D:4      | Identified the cursed +1 robe of Husew {+Inv rF+ MP+9 Dex-2} (You found it on level 4 of the Dungeon)
  1946 | D:4      | XOM: harmless Tmut miscast
  1962 | D:4      | Gained mutation: You evolve. [potion of mutation]
  1962 | D:4      | Gained mutation: You possess an exceptional clarity of mind. [potion of mutation]
  1964 | D:4      | HP: 1/57 [killer bee (shapeshifter) (2)]
  1966 | D:4      | XOM: swap monsters
  1975 | D:4      | Reached skill level 5 in Axes
  1991 | D:4      | XOM: harmless Chrm miscast
  2001 | D:4      | XOM: mild Necr miscast
  2013 | D:4      | Reached XP level 7. HP: 7/63 MP: 7/7
  2137 | D:4      | XOM: confuse monster(s)
  2318 | D:4      | XOM: give mutations
  2318 | D:4      | Gained mutation: You are covered in fur. (AC +1) [Xom's mischief]
  2318 | D:4      | Gained mutation: Your spells are a little harder to cast, but a little more powerful. [Xom's mischief]
  2318 | D:4      | Lost mutation: You possess an exceptional clarity of mind. [Xom's mischief]
  2454 | D:4      | Slain by an ogre

Vault maps used:
D:1:      tarquinn_simple_flora_water_c, hangedman_abyss_or_decor_lesser_grid
D:3:      amethyst_overflow_temple_binary,
          chequers_ecumenical_altar_simple_redux, hex_large, minmay_liquid_box,
          okawaru_gym_becter
D:4:      temple_fountains

Skill      XL: |  1  2  3  4  5  6  7 |
---------------+----------------------+-----
Fighting       | 3 4 |  4.3
Dodging        | 2 3 4 |  4.0
Axes           | 4 5 |  5.2
Armour         | 3 4 |  4.5
Shields        | 1 2 |  2.6

Action                   |  1- 3 |  4- 6 |  7- 9 || total
-------------------------+-------+-------+-------++-------
Melee: Hand axe          |   114 |   246 |    75 ||   435
  Use: Scroll            |       |    10 |       ||    10
       Potion            |       |     4 |       ||     4
 Stab: Paralysed         |     4 |     5 |     2 ||    11
       Confused          |       |     1 |       ||     1
       Invisible         |       |     1 |       ||     1
  Eat: Chunk             |     1 |     3 |     2 ||     6
Armor: Leather armour    |    34 |       |       ||    34
       Crystal plate arm |    29 |   272 |    44 ||   345
Dodge: Dodged            |    43 |     6 |     1 ||    50
Block: Shield            |       |    88 |    29 ||   117

Table legend:
 A = Spawn XP
 B = Non-spawn XP
 C = Spawn XP percentage of total XP
 D = Spawn monster count
 E = Non-spawn monster count
 F = Spawn count percentage of total count
 G = Total turns spent on level
                    A         B        C        D         E        F      G
               +---------+---------+-------+---------+---------+-------+---------
         Total |       0 |     922 |   0.0 |       0 |      96 |   0.0 |  2454
               +---------+---------+-------+---------+---------+-------+---------
           D:1 |       0 |      32 |   0.0 |       0 |      13 |   0.0 |   446
           D:2 |       0 |      65 |   0.0 |       0 |      25 |   0.0 |   640
           D:3 |       0 |     287 |   0.0 |       0 |      33 |   0.0 |   609
           D:4 |       0 |     538 |   0.0 |       0 |      25 |   0.0 |   759
               +---------+---------+-------+---------+---------+-------+---------
